 Dungeon Sprint DCSS version 0.27.1 (webtiles) character file.

Game seed: 8700961996209796331

13726 styxcanada the Imperceptible (level 11, -15/58 HPs)
             Began as a Spriggan Brigand on Aug 22, 2021.
             Was an Initiate of Gozag.
             Demolished by a spriggan berserker (47 damage)
             ... in the Dungeon (Sprint IV: "Fedhas' Mad Dash").
             The game lasted 00:19:18 (1769 turns).

styxcanada the Imperceptible (Spriggan Brigand)     Turns: 1769, Time: 00:19:19

Health: -15/58     AC:  1    Str:  7    XL:     11   Next: 79%
Magic:  24/24      EV: 26    Int: 14    God:    Gozag
Gold:   2992       SH:  8    Dex: 19    Spells: 18/27 levels left

rFire    . . .     SeeInvis +   a - +2 dagger
rCold    . . .     Faith    .   n - +0 buckler
rNeg     + . .     Spirit   .   v - +2 robe {rN+}
rPois    .         Reflect  .   b - +0 mask of the Dragon {Will+ Slay+3 SInv}
rElec    .         Harm     .   c - +0 cloak
rCorr    .         Rampage  .   (gloves unavailable)
Will     ++...     NoTele   +   (boots unavailable)
Stlth    +++++++++.             m - amulet of invisibility {+Inv}
HPRegen  0.19/turn              (no ring)
MPRegen  0.19/turn              (no ring)

@: corroded, gold aura, very slightly contaminated, invisible, very quick
A: very small, no large weapons, unfitting armour, see invisible, speed 3
a: Renounce Religion, Evoke Invisibility, Potion Petition, Call Merchant, Bribe
Branch


You were in the Dungeon.
You worshipped Gozag.
Gozag was most pleased with you.
You visited 1 branch You collected 3808 gold pieces.
You spent 816 gold pieces at shops.

Inventory:

Hand Weapons
 a - a +2 dagger (weapon)
 o - a +1 rapier of speed
Missiles
 d - 18 poisoned darts
 e - 8 curare-tipped darts (quivered)
 r - 2 atropa-tipped darts
Armour
 b - the +0 mask of the Dragon (worn) {Will+ Slay+3 SInv}
   (You bought it in a shop in the Dungeon)

   Slay:      It affects your accuracy & damage with ranged weapons and melee
   (+3).
   SInv:      It lets you see invisible.
   Will:      It increases your willpower.
 c - a +0 cloak (worn)
 n - a +0 buckler (worn)
 v - a +2 robe of positive energy (worn)
Jewellery
 m - the amulet of invisibility (around neck) {+Inv}
   (You found it in the Dungeon)

   [amulet of nothing]

   +Inv:      It lets you turn invisible.
 t - a ring of ice
Wands
 p - a wand of iceblast (12)
Scrolls
 k - 2 scrolls of blinking
 l - a scroll of holy word
 s - a scroll of amnesia
Potions
 f - 3 potions of curing
 g - a potion of heal wounds
 h - 2 potions of haste
 i - 3 potions of magic
 j - a potion of berserk rage
 u - a potion of might {unknown}
Miscellaneous
 q - a phantom mirror


   Skills:
 * Level 7.6 Fighting
 + Level 5.9 Short Blades
 + Level 5.6 Throwing
 * Level 11.9 Dodging
 * Level 24.8 Stealth
 * Level 5.2 Shields
 * Level 8.7 Spellcasting
 * Level 5.3 Conjurations
 * Level 9.9 Translocations
 * Level 6.4 Air Magic
 * Level 6.8 Poison Magic
 * Level 11.9 Evocations


You had 18 spell levels left.
You knew the following spells:

 Your Spells              Type           Power      Damage    Failure   Level
a - Iskenderun's Mystic   Conj/Tloc      27%        2d7       6%          4
b - Poisonous Vapours     Pois/Air       48%        N/A       1%          2
c - Mephitic Cloud        Conj/Pois/Air  23%        N/A       3%          3

Your spell library contained the following spells:

 Spells                   Type           Power      Damage    Failure   Level
 Magic Dart               Conj           80%        1d7       1%          1
 Corpse Rot               Necr/Air       N/A        N/A       5%          2
 Call Imp                 Summ           6%         N/A       21%         2
 Fulminant Prism          Conj/Hex       6%         3d7       41%         4
 Freezing Cloud           Conj/Ice/Air   8%         6-21      58%         5
 Lee's Rapid Deconstruct  Erth           3%         3d6*      98%         5


Dungeon Overview and Level Annotations

Branches:
Dungeon (1/1)

Altars:
Cheibriados
Dithmenos
Elyvilon
Gozag
Hepliaklqana
Kikubaaqudgha
Makhleb
Nemelex Xobeh
Okawaru
Qazlal
Ru
Sif Muna
Trog
Uskayaw
Vehumet
Wu Jian
Xom
Yredelemnul
Zin
The Shining One
Beogh
Jiyva
Lugonu

Shops:
D ![:=:[=([**[

Annotations:
D exclusion: oklob plant


Innate Abilities, Weirdness & Mutations

You are very small and have problems with some larger weapons.
You are too small for most types of armour.
You have supernaturally acute eyesight. (SInv)
You cover ground extremely quickly. (Speed+++)


Message History

You hit the oklob plant annihilator.
The oklob plant annihilator is lightly damaged.
You hit the oklob plant annihilator but do no damage.
The oklob plant annihilator is lightly damaged.
You block the death yak's attack.
The polar bear rages.
The death yak barely misses you.
The polar bear growls angrily.
You hit the oklob plant annihilator.
The oklob plant annihilator is lightly damaged.
The death yak misses you.
The oklob plant annihilator conjures a glowing orb.
The wavering orb of destruction weakly hits you!!
You catch the helpless oklob plant annihilator completely off-guard!
You skewer the oklob plant annihilator like a kebab!!!
The oklob plant annihilator is almost destroyed.
The death yak gores you.
The oklob plant annihilator spits acid at you.
The splash of acid hits you! The acid corrodes you!
You are splashed with acid!
* * * LOW HITPOINT WARNING * * *
You feel much better.
The spriggan berserker prays to Trog.
The spriggan berserker goes berserk!
The oklob plant annihilator spits acid at the death yak.
The splash of acid hits the death yak!
The death yak is splashed with acid.
The acid corrodes the death yak!
The death yak bellows!
You strike the helpless oklob plant annihilator from behind!
You perforate the oklob plant annihilator like a sieve!!!
You destroy the oklob plant annihilator!
You block the spriggan berserker's attack.
The polar bear rages.
The polar bear is distracted by your dazzling golden aura.
The polar bear growls angrily.
The spriggan berserker rages.
The polar bear is no longer distracted by gold.
The spriggan berserker hits you with a +0 rapier!!!
Ouch! That really hurt!
You die...
Your body crumbles into a pile of gold.

##############.....####
.....# ###..♣).♣...[###
...P.#####.).♣......♣...♣###
..)P..........♣.)...∩.∩..)|#
...P...#####################
######## ####### #######
###..#####..P∩∩###...P|#
#.)..'.........##...P.Y+
#....#####P....'@i...h)#
#....# ###############
.....# .....+$$$$ $ .....#
######


You could see a death yak (summoned, wandering, berserk, corroded), an oklob
plant demonologist (unaware), a spriggan berserker (berserk, regenerating,
strong-willed) and a polar bear (summoned, berserk).

Vanquished Creatures
  Agnes (D)
  A ghost moth (D)
  A spriggan defender (D)
  A spriggan berserker (D)
  A spriggan druid (D)
  10 oklob plants (D)
  3 demonic crawlers (D)
  A queen bee (D)
  3 burning bushes (D)
  3 wandering mushrooms (D)
  6 hornets (D)
  3 scorpions (D)
  4 killer bees (D)
  5 oklob saplings (D)
  8 spriggans (D)
  A river rat (D)
  A rat (D)
  2 ballistomycete spores (D)
55 creatures vanquished.

Vanquished Creatures (others)
  2 fungi (D)
2 creatures vanquished.

Grand Total: 57 creatures vanquished

Notes
Turn   | Place    | Note
-------+----------+-------------------------------------------
     0 | D        | styxcanada the Spriggan Brigand began the quest for the
                  | Orb.
     0 | D        | Reached XP level 1. HP: 10/10 MP: 2/2
    20 | D        | Reached skill level 6 in Stealth
    25 | D        | Reached skill level 8 in Stealth
    25 | D        | Reached XP level 2. HP: 9/15 MP: 3/3
   136 | D        | Noticed an oklob sapling
   138 | D        | Killed an oklob sapling
   139 | D        | Reached skill level 9 in Stealth
   139 | D        | Reached XP level 3. HP: 18/18 MP: 4/4
   140 | D        | Noticed a scorpion
   140 | D        | Found the amulet of invisibility {+Inv}
   142 | D        | Killed a scorpion
   143 | D        | Reached skill level 12 in Stealth
   143 | D        | Reached XP level 4. HP: 23/23 MP: 5/5
   167 | D        | Found an opulent altar of Gozag.
   167 | D        | Found a hazy altar of Hepliaklqana.
   167 | D        | Found a burning altar of Makhleb.
   167 | D        | Found a sparkling altar of Nemelex Xobeh.
   167 | D        | Found a snail-covered altar of Cheibriados.
   167 | D        | Found a sacrificial altar of Ru.
   167 | D        | Found a shimmering blue altar of Sif Muna.
   167 | D        | Found a shimmering altar of Xom.
   167 | D        | Found a basalt altar of Yredelemnul.
   168 | D        | Found a viscous altar of Jiyva.
   168 | D        | Found a bloodstained altar of Trog.
   168 | D        | Found an ornate altar of the Wu Jian Council.
   169 | D        | Found an iron altar of Okawaru.
   169 | D        | Found a shadowy altar of Dithmenos.
   169 | D        | Found a glowing silver altar of Zin.
   170 | D        | Found an ancient bone altar of Kikubaaqudgha.
   170 | D        | Found a hide-covered altar of Uskayaw.
   171 | D        | Found a stormy altar of Qazlal.
   171 | D        | Found a white marble altar of Elyvilon.
   171 | D        | Found a glowing golden altar of the Shining One.
   172 | D        | Became a worshipper of Gozag Ym Sagoz the Greedy
   173 | D        | Found a corrupted altar of Lugonu.
   173 | D        | Found a radiant altar of Vehumet.
   177 | D        | Reached skill level 13 in Stealth
   177 | D        | Reached XP level 5. HP: 28/28 MP: 3/6
   234 | D        | Reached skill level 5 in Dodging
   234 | D        | Reached skill level 14 in Stealth
   240 | D        | Reached skill level 1 in Evocations
   241 | D        | Reached skill level 15 in Stealth
   241 | D        | Reached XP level 6. HP: 33/33 MP: 5/7
   268 | D        | Found Wiext's Jewellery Shop.
   269 | D        | Found Huashrot's Armour Emporium.
   296 | D        | Noticed a burning bush
   296 | D        | Noticed a wandering mushroom
   297 | D        | Noticed a wandering mushroom
   300 | D        | Killed a burning bush
   301 | D        | Reached skill level 17 in Stealth
   301 | D        | Killed a wandering mushroom
   302 | D        | Reached skill level 18 in Stealth
   302 | D        | Reached XP level 7. HP: 38/38 MP: 5/8
   302 | D        | Killed a wandering mushroom
   303 | D        | Reached skill level 5 in Fighting
   303 | D        | Reached skill level 19 in Stealth
   322 | D        | Learned a level 4 spell: Iskenderun's Mystic Blast
   328 | D        | Found Viaj Ofe's General Store.
   328 | D        | Found Loinemamp's General Store.
   335 | D        | Bought a scroll of identify for 22 gold pieces
   337 | D        | Bought 7 curare-tipped darts for 46 gold pieces
   337 | D        | Bought 2 atropa-tipped darts for 13 gold pieces
   359 | D        | Learned a level 2 spell: Poisonous Vapours
   390 | D        | Noticed a queen bee
   397 | D        | Killed a queen bee
   398 | D        | Reached skill level 20 in Stealth
   398 | D        | Reached skill level 1 in Spellcasting
   398 | D        | Reached skill level 1 in Translocations
   398 | D        | Reached skill level 1 in Poison Magic
   398 | D        | Reached skill level 5 in Evocations
   398 | D        | Reached XP level 8. HP: 43/43 MP: 7/10
   399 | D        | Reached skill level 5 in Throwing
   399 | D        | Reached skill level 1 in Air Magic
   402 | D        | Reached skill level 1 in Shields
   403 | D        | Reached skill level 1 in Conjurations
   468 | D        | Noticed an oklob plant
   471 | D        | Killed an oklob plant
   530 | D        | Noticed a burning bush
   532 | D        | Identified the +0 leather armour of the Untouchables {Str+3
                  | Int+3 Dex+2}
   533 | D        | Killed a burning bush
   534 | D        | Reached skill level 21 in Stealth
   534 | D        | Reached XP level 9. HP: 47/47 MP: 11/14
   583 | D        | Noticed a burning bush
   583 | D        | Noticed an oklob plant
   584 | D        | Noticed a wandering mushroom
   585 | D        | Killed a burning bush
   590 | D        | Killed an oklob plant
   594 | D        | Killed a wandering mushroom
   658 | D        | Noticed a spriggan druid
   660 | D        | Killed a spriggan druid
   661 | D        | Reached skill level 5 in Short Blades
   661 | D        | Reached skill level 22 in Stealth
   661 | D        | Reached skill level 5 in Translocations
   746 | D        | Noticed an oklob plant conjurer
   747 | D        | Killed an oklob plant conjurer
   832 | D        | Noticed an oklob plant
   832 | D        | Noticed an oklob plant summoner
   833 | D        | Noticed an oklob plant shifter
   837 | D        | Killed an oklob plant
   838 | D        | Reached XP level 10. HP: 53/53 MP: 14/18
   839 | D        | Killed an oklob plant summoner
   840 | D        | Reached skill level 5 in Spellcasting
   846 | D        | Killed an oklob plant shifter
   885 | D        | Reached skill level 10 in Dodging
   885 | D        | Reached skill level 23 in Stealth
   887 | D        | Noticed a spriggan rider
   888 | D        | Found Maukosh's Armour Emporium.
  1188 | D        | Noticed Agnes
  1193 | D        | Found Boro's Antique Weapon Emporium.
  1193 | D        | Noticed a spriggan berserker
  1195 | D        | Found Toaplunn's Armour Shoppe.
  1197 | D        | Killed Agnes
  1198 | D        | Reached skill level 5 in Poison Magic
  1198 | D        | Reached skill level 10 in Evocations
  1201 | D        | Killed a spriggan berserker
  1209 | D        | Noticed a spriggan defender
  1216 | D        | Killed a spriggan defender
  1217 | D        | Reached skill level 5 in Air Magic
  1217 | D        | Reached XP level 11. HP: 58/58 MP: 20/22
  1275 | D        | Bought a +2 robe of positive energy for 147 gold pieces
  1300 | D        | Noticed a spriggan rider
  1308 | D        | Killed a spriggan rider
  1416 | D        | Noticed a ghost moth
  1417 | D        | Found Hyxoix's Armour Boutique.
  1417 | D        | Found Leysiu's Book Emporium.
  1417 | D        | Found Ymitav's Distillery.
  1423 | D        | Killed a ghost moth
  1424 | D        | Reached skill level 24 in Stealth
  1443 | D        | Bought a potion of heal wounds for 70 gold pieces
  1443 | D        | Bought a potion of curing for 42 gold pieces
  1443 | D        | Bought a potion of curing for 42 gold pieces
  1446 | D        | Bought the +0 mask of the Dragon {Will+ Slay+3 SInv} for
                  | 434 gold pieces
  1446 | D        | Found the +0 mask of the Dragon {Will+ Slay+3 SInv}
  1494 | D        | Learned a level 3 spell: Mephitic Cloud
  1500 | D        | Noticed an oklob plant meteorologist
  1501 | D        | Noticed an oklob plant shifter
  1505 | D        | Killed an oklob plant meteorologist
  1513 | D        | Killed an oklob plant shifter
  1514 | D        | Reached skill level 5 in Conjurations
  1592 | D        | Noticed a spriggan rider
  1597 | D        | Reached skill level 5 in Shields
  1599 | D        | Killed a spriggan rider
  1667 | D        | Noticed an oklob plant summoner
  1668 | D        | Found Ewnuy's Jewellery Emporium.
  1669 | D        | Found Yfyelits's Book Shop.
  1674 | D        | Killed an oklob plant summoner
  1752 | D        | Noticed an oklob plant demonologist
  1752 | D        | Noticed an oklob plant annihilator
  1753 | D        | Noticed a spriggan berserker
  1754 | D        | Noticed a death yak
  1765 | D        | Killed an oklob plant annihilator
  1769 | D        | Demolished by a spriggan berserker

Illustrated notes

Levels and vault maps discovered:
D:        dungeon_sprint_fedhas [sprint_temple]

Skill      XL: |  1  2  3  4  5  6  7  8  9 10 11 |
---------------+----------------------------------+-----
Stealth        | 8 9 12 13 15 18 20 21 22 23 24 | 24.8
Dodging        | 2 3 4 5 7 8 9 11 | 11.9
Fighting       | 2 3 4 5 6 7 |  7.6
Throwing       | 3 4 5 |  5.6
Short Blades   | 3 4 5 |  5.9
Evocations     | 1 3 5 6 8 10 11 | 11.9
Spellcasting   | 1 3 4 7 8 |  8.7
Translocations | 1 3 5 8 9 |  9.9
Poison Magic   | 1 2 3 5 6 |  6.8
Air Magic      | 2 3 5 6 |  6.4
Shields        | 1 3 4 5 |  5.2
Conjurations   | 1 2 4 5 |  5.3

Action                   |  1- 3 |  4- 6 |  7- 9 | 10-12 || total
-------------------------+-------+-------+-------+-------++-------
Melee: Dagger            |     7 |     9 |    18 |    34 ||    68
Throw: Dart              |     9 |       |       |     4 ||    13
 Cast: Poisonous Vapours |       |       |       |    15 ||    15
 Abil: Evoke Invisibilit |       |     3 |     7 |     8 ||    18
  Use: Scroll            |       |       |     3 |       ||     3
       Potion            |       |       |       |     1 ||     1
 Stab: Sleeping          |     2 |     6 |    18 |    17 ||    43
       Invisible         |       |     1 |       |     3 ||     4
       Distracted        |       |       |       |     1 ||     1
Armor: Robe              |       |       |       |     1 ||     1
Dodge: Dodged            |     4 |       |       |    17 ||    21
Block: Buckler           |       |       |       |     9 ||     9
